 Dungeon Crawl Stone Soup version 0.31-a0-1096-g246cf0196b (webtiles) character file.

Game seed: 2722776068373152396

3430 Dirtsage the Mimic (level 10, 0/60 (69) HPs)
             Began as an Octopode Shapeshifter on Nov 29, 2023.
             Was an Initiate of Gozag.
             Slain by a wight
             ... wielding a +0 trident
              (3 damage)
             ... on level 8 of the Dungeon.
             The game lasted 00:13:14 (7807 turns).

Dirtsage the Mimic (Octopode Shapeshifter)          Turns: 7807, Time: 00:13:15

HP:   0/60 (69)     AC:  1    Str: 13    XL:     10   Next: 5%
MP:   10/10         EV: 15    Int: 13    God:    Gozag
Gold: 1158          SH:  5    Dex: 16    Spells: 9/9 levels left

rFire   . .          .
                       - Unarmed
rCold   . . .        (no shield)
rNeg    . . .        (helmet currently unavailable)
rPois   .            d - amulet of reflection
rElec   .            h - ring of flight
rCorr   .            S - ring of see invisible
SInv    +            (no ring)
Will    .....        (no ring)
Stlth   ++           (no ring)
HPRegen 0.30/turn    (no ring)
MPRegen 0.12/turn    (no ring)
                     (no ring)

%: reflection
@: beast-form, gold aura, attractive, flying, heavily drained
A: beast (slay +4), almost no armour, amphibious, 8 rings, camouflage 1,
gelatinous body 1, (nimble swimmer 1), tentacles
a: Begin Untransformation, Renounce Religion, Potion Petition, Call Merchant,
Bribe Branch


You were on level 8 of the Dungeon.
You worshipped Gozag.
Gozag was most pleased with you.
You were a hulking beast.
You visited 2 branches of the dungeon, and saw 9 of its levels.

You collected 1267 gold pieces.
You paid 109 gold pieces to Gozag.

Inventory:

Missiles
 A - a throwing net
Magical Staves
 n - a staff of air
Jewellery
 d - an amulet of reflection (around mantle)
 h - a ring of flight (left tentacle)
 S - a ring of see invisible (right tentacle)
Talismans
 b - a beast talisman
 c - a flux talisman
 k - a flux talisman
 z - a serpent talisman
Wands
 m - a wand of paralysis (8)
 p - a wand of flame (18)
 s - a wand of mindburst (30)
 u - a wand of polymorph (12)
 w - a wand of iceblast (13)
 C - a wand of acid (5)
Scrolls
 g - 2 scrolls of fear
 o - 2 scrolls of fog {unknown}
 t - 3 scrolls of identify {unknown}
 x - a scroll of revelation {unknown}
 y - a scroll of silence {unknown}
 B - a scroll of blinking
 E - a scroll of immolation {unknown}
Potions
 a - 2 potions of lignification
 e - 2 potions of curing {unknown}
 f - a potion of attraction
 i - a potion of degeneration {unknown}
 j - a potion of mutation {unknown}
 l - a potion of heal wounds
 q - a potion of enlightenment {unknown}
 r - a potion of resistance {unknown}
 v - 2 potions of cancellation {unknown}
 D - 2 potions of might {unknown}


   Skills:
 + Level 6.7 Fighting
 + Level 4.6 Dodging
 + Level 7.2 Unarmed Combat
 * Level 9.2 Shapeshifting


You had 9 spell levels left.
You didn't know any spells.
Your spell library contained the following spells:

 Spells                   Type           Power      Damage    Failure   Level
 Cigotuvi's Dreadful Rot  Necr/Pois/Air  0%         N/A       43%         2
 Lesser Beckoning         Tloc           0%         N/A       43%         2
 Sublimation of Blood     Necr           0%         N/A       43%         2
 Wereblood                Tmut           0%         N/A       43%         2
 Dazzling Flash           Conj/Hex       0%         N/A       67%         3
 Gell's Gravitas          Tloc           0%         N/A       67%         3
 Teleport Other           Tloc           0%         N/A       67%         3
 Volatile Blastmotes      Fire/Tloc      0%         2d10      67%         3
 Anguish                  Hex/Necr       0%         N/A       97%         4
 Cause Fear               Hex            0%         N/A       97%         4
 Dispel Undead            Necr           0%         3d6       97%         4
 Death Channel            Necr           0%         N/A       100%        6
 Starburst                Conj/Fire      0%         6d3       100%        6
 Enfeeble                 Hex            0%         N/A       100%        7
 Summon Hydra             Summ           0%         N/A       100%        7
 Maxwell's Capacitive Co  Air            0%         ∞         100%        8


Dungeon Overview and Level Annotations

Branches:
Dungeon (8/15)             Temple (1/1) D:5
   Lair: D:8-11

Altars:
Ashenzari
Cheibriados
Dithmenos
Gozag
Hepliaklqana
Makhleb
Nemelex Xobeh
Okawaru
Ru
Sif Muna
Trog
Uskayaw
Vehumet
Wu Jian
Xom
The Shining One

Shops:
D:6 [

Annotations:
D:6 1 runed translucent door, Crazy Yiuf
D:8 3 runed translucent doors, DEFE's ghost, novice DsWn


Innate Abilities, Weirdness & Mutations

You are a hulking beast.
Your limbs bulge with bestial killing power. (Slay +4)
You cannot wear most types of armour.
You are amphibious.
You can wear up to eight rings at the same time.
Your skin changes colour to match your surroundings (Stealth+).
Your rubbery body absorbs attacks. (AC +1, EV +1)
((You are camouflaged when in or above water. (Stealth+)))
You have tentacles for arms and can constrict up to eight enemies at once.


Message History

You feel drained. The wight completely misses you.
You take 13 damage, and have 50/67 hp.
You tentacle-slap the wight. Your grab misses the wight.
The wight is lightly damaged.
You tentacle-slap the wight but do no damage.
Your grab misses the wight.
The wight is lightly damaged.
The wight hits you from afar with a +0 trident!
The wight closely misses you. The wight hits you with a +0 war axe!
You feel drained.
You take 21 damage, and have 29/65 hp.
MASSIVE DAMAGE!!
You are too injured to fight recklessly!
You completely miss the wight. Your grab misses the wight.
The wight is lightly damaged.
The wight misses you. The wight hits you with a +0 war axe.
You feel drained.
You take 8 damage, and have 21/63 hp.
The wight attacks as it pursues you! The wight barely misses you.
The wight hits you with a +0 falchion!
* * * LOW HITPOINT WARNING * * *
You feel drained.
* * * LOW HITPOINT WARNING * * *
You take 12 damage, and have 9/61 hp.
You barely miss the wight. Your grab misses the wight. You squeeze the wight!
The wight is heavily damaged.
The wight misses you.
You bludgeon the wight!
You destroy the wight!
The wight completely misses you.
Okay, then.
It was a potion of attraction.
You feel attractive to monsters. The wight barely misses you.
The wight is attracted toward you. x2
You tentacle-slap the wight. You grab the wight. You squeeze the wight!
The wight is severely damaged.
You constrict the wight, but do no damage.
The wight hits you with a +0 trident!
* * * LOW HITPOINT WARNING * * *
You feel drained.
You die...
Your body crumbles into a pile of gold.

##############
#..§zzh......#
#.##########.# #.#### #.#
#z...# #.# #......##.#####
#.#
#......##.....###.##########
#....>..+......(............
#.......#......##.##########
#######.######.##.# #..


You could see 2 wights.

Vanquished Creatures
  A two-headed ogre (D:8)
  Psyche (D:8)
  Sigmund (D:3)
  Edmund (D:4)
  A sky beast (D:6)
  An ice beast (D:6)
  An ogre (D:6)
  A phantom (D:5)
  2 kobold brigands
  Blork the orc (D:4)
  3 bullfrogs (D:8)
  A gnoll sergeant (D:8)
  3 scorpions
  A wight (D:8)
  4 killer bees (D:8)
  4 howler monkeys
  4 hounds
  3 jellies
  A gnoll bouda (D:6)
  Terence (D:3)
  2 sleepcaps
  Ijyb (D:3)
  Natasha (thrice) (D:3)
  5 iguanas
  An orc wizard (D:7)
  Robin (D:4)
  5 adders
  9 gnolls
  8 river rats (D:6)
  A shadow imp (D:6)
  2 white imps (D:6)
  An ufetubus (D:6)
  2 worms (D:2)
  4 dart slugs
  13 orcs
  5 ball pythons
  10 endoplasms
  9 giant cockroaches
  21 goblins
  6 hobgoblins
  8 jackals
  19 kobolds
  10 quokkas
  4 bats
  2 frilled lizards
  18 rats
206 creatures vanquished.

Notes
Turn   | Place    | Note
-------+----------+-------------------------------------------
     0 | D:1      | Dirtsage the Octopode Shapeshifter began the quest for the
                  | Orb.
     0 | D:1      | Reached XP level 1. HP: 13/13 MP: 1/1
   109 | D:1      | Reached XP level 2. HP: 18/18 MP: 2/2
   388 | D:1      | Reached XP level 3. HP: 23/23 MP: 3/3
   839 | D:2      | Found a faded altar of an unknown god.
   998 | D:2      | Found a shadowy altar of Dithmenos.
  1114 | D:2      | Reached XP level 4. HP: 25/29 MP: 4/4
  1712 | D:3      | Noticed Natasha
  1720 | D:3      | Killed Natasha
  1721 | D:3      | Reached skill level 4 in Shapeshifting
  1726 | D:3      | Noticed Natasha
  1733 | D:3      | Killed Natasha
  1734 | D:3      | Reached XP level 5. HP: 25/35 MP: 5/5
  1767 | D:3      | Noticed Natasha
  1775 | D:3      | Killed Natasha
  1972 | D:3      | Noticed Sigmund
  1975 | D:3      | Found an iron altar of Okawaru.
  1982 | D:3      | Killed Sigmund
  1983 | D:3      | Reached skill level 5 in Shapeshifting
  1983 | D:3      | Reached XP level 6. HP: 35/42 MP: 6/6
  2040 | D:3      | Noticed Terence
  2049 | D:3      | Killed Terence
  2106 | D:3      | Noticed Ijyb
  2117 | D:3      | Killed Ijyb
  2516 | D:4      | Noticed Blork the orc
  2524 | D:4      | Killed Blork the orc
  2525 | D:4      | Reached XP level 7. HP: 18/46 MP: 7/7
  2786 | D:4      | Identified the orb of the Blind Marksman {light, Harm *Slow
                  | rC+ Int+2}
  2805 | D:4      | Noticed Edmund
  2818 | D:4      | Killed Edmund
  2952 | D:4      | Reached skill level 6 in Shapeshifting
  3195 | D:4      | Found a shimmering blue altar of Sif Muna.
  3316 | D:4      | Noticed Robin
  3333 | D:4      | Killed Robin
  3334 | D:4      | Reached skill level 5 in Unarmed Combat
  3672 | D:5      | Entered Level 5 of the Dungeon
  3709 | D:5      | Reached XP level 8. HP: 53/54 MP: 8/8
  3737 | D:5      | Found a staircase to the Ecumenical Temple.
  3748 | Temple   | Entered the Ecumenical Temple
  3759 | Temple   | Became a worshipper of Gozag Ym Sagoz the Greedy
  4401 | D:6      | Reached skill level 7 in Shapeshifting
  4505 | D:6      | Found Gejeogei's Antique Armour Shoppe.
  4578 | D:6      | Found a runed translucent door.
  4579 | D:6      | Noticed Crazy Yiuf
  4763 | D:6      | Reached skill level 5 in Fighting
  5336 | D:6      | HP: 1/55 [ufetubus (2)]
  5560 | D:6      | Reached XP level 9. HP: 56/61 MP: 9/9
  5939 | D:7      | Found a snail-covered altar of Cheibriados.
  6515 | D:7      | Reached skill level 8 in Shapeshifting
  6917 | D:8      | Found a runed translucent gate.
  6918 | D:8      | Found a runed translucent gate.
  6919 | D:8      | Found a runed translucent gate.
  6919 | D:8      | Noticed a brown ugly thing
  6921 | D:8      | Noticed DEFE's ghost (novice DsWn)
  7124 | D:8      | Noticed Psyche
  7132 | D:8      | Killed Psyche
  7501 | D:8      | Noticed a two-headed ogre
  7517 | D:8      | Killed a two-headed ogre
  7518 | D:8      | Reached skill level 9 in Shapeshifting
  7518 | D:8      | Reached XP level 10. HP: 29/69 MP: 10/10
  7807 | D:8      | HP: 3/62 [wight/+0 trident (8)]
  7807 | D:8      | Slain by a wight

Illustrated notes

Levels and vault maps discovered:
D:1:      heliophobic_arrival_glass_houses, layout_basic, minmay_pentomino_u2
D:2:      layout_basic, basic_altar, chequers_ecumenical_altar_simple,
          minivault_5
D:3:      layout_rooms, mainiacjoe_overflow_alcove_1, uniq_terence, uniq_ijyb,
          uniq_natasha, uniq_sigmund
D:4:      layout_loops_corners, nicolae_sif_muna_little_library, uniq_robin,
          uniq_edmund, uniq_blork_the_orc
D:5:      layout_basic, minmay_temple_entry_offerings
D:6:      lemuel_ratsnest, layout_basic, serial_shops,
          nicolae_shop_overgrown_old_shop, uniq_crazy_yiuf_cottage
D:7:      layout_loops_ring, mainiacjoe_overflow_chevrons,
          kennysheep_generic_room_4
D:8:      layout_basic, gammafunk_ghost_split, uniq_psyche
Temple:   compressed_dpeg_triangle_lava_temple

Skill      XL: |  1  2  3  4  5  6  7  8  9 |
---------------+----------------------------+-----
Fighting       | 2 3 4 5 6 |  6.7
Shapeshifting  | 4 5 6 7 9 |  9.2
Unarmed Combat | 4 5 6 7 |  7.2
Dodging        | 4 |  4.6

Action                     |  1- 3 |  4- 6 |  7- 9 | 10-12 || total
---------------------------+-------+-------+-------+-------++-------
  Melee: Unarmed           |    57 |    64 |   332 |    10 ||   463
         Constrict         |    14 |    16 |    80 |     2 ||   112
         Tentacles         |    20 |    14 |    77 |     2 ||   113
         Punch             |     1 |     5 |     9 |       ||    15
  Evoke: Wand              |       |     2 |    10 |       ||    12
    Use: Scroll            |       |     3 |     1 |       ||     4
         Potion            |       |     1 |     3 |     1 ||     5
   Stab: Sleeping          |     4 |     5 |     7 |     1 ||    17
         Paralysed         |       |     8 |       |       ||     8
         Distracted        |       |       |     3 |       ||     3
 Armour: Skin              |    20 |    20 |   118 |     9 ||   167
  Dodge: Dodged            |    21 |    15 |   112 |     9 ||   157
  Block: Other             |     8 |     8 |    43 |       ||    59
         Reflection        |       |     1 |     1 |       ||     2

Table legend: (Time is in decaauts)
 A = Elapsed time spent in this place.
 B = Non-inter-level travel time spent in this place.
 C = Inter-level travel time spent in this place.
 D = Time resting spent in this place.
 E = Time spent auto-exploring this place.
 F = Levels seen in this place.
 G = Mean time per level.
                   A        B        C        D        E       F      G
               +--------+--------+--------+--------+--------+-----+--------+
         Total |   7754 |   7559 |    195 |    132 |   6224 |   9 |  861.6 |
       Dungeon |   7733 |   7546 |    187 |    132 |   6224 |   8 |  966.6 |
        Temple |     20 |     12 |      8 |      0 |      0 |   1 |   20.0 |
               +--------+--------+--------+--------+--------+-----+--------+

Top non-repeatable levels by time:
     D:6: 1654 daAuts
     D:4: 1190 daAuts
     D:8: 1158 daAuts
     D:2: 889 daAuts
     D:3: 824 daAuts
     D:7: 756 daAuts
     D:1: 752 daAuts
     D:5: 505 daAuts
  Temple: 20 daAuts
